 Dungeon Crawl Stone Soup version 0.27-a0-1528-g90fbb72469 (webtiles) character file.

Game seed: 15374634402365847337

16426 Morbidden the Destroyer (level 12, -2/100 HPs)
             Began as a Pale Draconian Conjurer on July 11, 2021.
             Was a Believer of Vehumet.
             Slain by a death knight (16 damage)
             ... on level 12 of the Dungeon.
             The game lasted 00:35:05 (14887 turns).

Morbidden the Destroyer (Pale Draconian Conjurer)  Turns: 14887, Time: 00:35:06

Health: -2/100     AC: 12    Str: 11    XL:     12   Next: 10%
Magic:  27/35      EV: 18    Int: 22    God:    Vehumet [**....]
Gold:   672        SH:  0    Dex: 10    Spells: 17/31 levels left

rFire    . . .     SeeInvis .     - Unarmed
rCold    . . .     Faith    .   (no shield)
rNeg     . . .     Spirit   .   (armour unavailable)
rPois    +         Reflect  .   (helmet restricted)
rElec    .         Harm     .   y - +0 cloak
rCorr    .         Rampage  .   g - +1 pair of gloves
Will     +....                  f - +0 pair of boots
Stlth    ++........             o - amulet of regeneration
HPRegen  1.26/turn              q - ring of magical power
MPRegen  0.24/turn              p - +4 ring of evasion

@: marked
A: breathe steam, AC +8, unfitting armour, cold-blooded, steam resistance,
strong-willed 1, poison resistance
a: Breathe Steam, Renounce Religion


You were on level 12 of the Dungeon.
You worshipped Vehumet.
Vehumet was pleased with you.
You visited 2 branches of the dungeon, and saw 13 of its levels.

You collected 672 gold pieces.

Inventory:

Missiles
 H - 4 curare-tipped darts (quivered)
Armour
 f - a +0 pair of boots (worn)
 g - a +1 pair of gloves (worn)
 y - a +0 cloak (worn)
Jewellery
 o - an amulet of regeneration (around neck)
 p - a +4 ring of evasion (right hand)
 q - a ring of magical power (left hand)
 C - a ring of willpower
 J - a ring of fire
Wands
 k - a wand of acid (8)
 s - a wand of flame (57)
 t - a wand of iceblast (9)
 x - a wand of charming (10)
 L - a wand of digging (3)
 M - a wand of paralysis (9)
Scrolls
 a - 2 scrolls of magic mapping {unknown}
 b - 4 scrolls of teleportation
 d - 2 scrolls of amnesia {unknown}
 e - 4 scrolls of enchant armour
 h - 2 scrolls of identify
 j - a scroll of vulnerability {unknown}
 m - 2 scrolls of fear
 u - a scroll of enchant weapon {unknown}
 w - 2 scrolls of immolation {unknown}
 A - a scroll of silence {unknown}
 D - a scroll of torment {unknown}
 I - 2 scrolls of brand weapon {unknown}
Potions
 c - 4 potions of cancellation
 i - 2 potions of berserk rage {unknown}
 l - 2 potions of brilliance
 n - 2 potions of flight
 r - a potion of invisibility {unknown}
 v - 2 potions of ambrosia {unknown}
 z - a potion of magic {unknown}
 B - a potion of mutation
 E - a potion of lignification
 F - 4 potions of heal wounds {unknown}
 G - a potion of degeneration {unknown}
 K - a potion of attraction


   Skills:
 * Level 7.3 Fighting
 * Level 7.3 Dodging
 + Level 4.2 Stealth
 * Level 4.5 Unarmed Combat
 + Level 10.0 Spellcasting
 + Level 11.0 Conjurations
 + Level 4.8 Translocations
 * Level 3.1 Transmutations
 + Level 0.8 Evocations


You had 17 spell levels left.
You knew the following spells:

 Your Spells              Type           Power      Damage    Failure   Level
a - Magic Dart            Conj           100%       1d8       1%          1
b - Searing Ray           Conj           100%       3d7       1%          2
c - Dragon Form           Tmut           12%        N/A       100%        7
z - Iskenderun's Mystic   Conj/Tloc      45%        2d10      2%          4

Your spell library contained the following spells:

 Spells                   Type           Power      Damage    Failure   Level
 Stone Arrow              Conj/Erth      70%        3d11      1%          3
 Beastly Appendage        Tmut           48%        N/A       1%          1
 Shock                    Conj/Air       100%       1d9       1%          1
 Dazzling Flash           Conj/Hex       70%        N/A       1%          3
 Wereblood                Tmut           24%        N/A       2%          2
 Passwall                 Tmut/Erth      14%        N/A       4%          2
 Corona                   Hex            12%        N/A       6%          1
 Sandblast                Erth           22%        2d7       6%          1
 Fulminant Prism          Conj/Hex       17%        3d11      6%          4
 Ensorcelled Hibernation  Hex/Ice        22%        N/A       9%          2
 Sublimation of Blood     Necr           5%         N/A       9%          2
 Passage of Golubria      Tloc           N/A        N/A       9%          4
 Irradiate                Conj/Tmut      21%        3d21      9%          5
 Spider Form              Tmut/Pois      8%         N/A       10%         3
 Swiftness                Air            11%        N/A       19%         3
 Tukima's Dance           Hex            11%        N/A       19%         3
 Petrify                  Tmut/Erth      17%        N/A       32%         4
 Blade Hands              Tmut           12%        N/A       43%         5
 Airstrike                Air            5%         N/A       52%         4
 Summon Forest            Summ/Tloc      10%        N/A       54%         5
 Lee's Rapid Deconstruct  Erth           5%         3d7*      86%         5
 Silence                  Hex/Air        5%         N/A       86%         5
 Summon Mana Viper        Hex/Summ       11%        N/A       86%         5
 Shadow Creatures         Summ           N/A        N/A       100%        6
 Lehudib's Crystal Spear  Conj/Erth      17%        10d5      100%        8


Dungeon Overview and Level Annotations

Branches:
Dungeon (12/15)            Temple (1/1) D:7            Lair (0/6) D:10
    Orc (0/2) D:12

Altars:
Ashenzari
Cheibriados
Dithmenos
Elyvilon
Fedhas
Hepliaklqana
Kikubaaqudgha
Makhleb
Nemelex Xobeh
Okawaru
Qazlal
Sif Muna
Trog
Uskayaw
Vehumet
Wu Jian
Xom
Yredelemnul
Zin

Shops:
D:5 :   D:6 [   D:8 [

Annotations:
D:11 exclusion: gargoyle


Innate Abilities, Weirdness & Mutations

You can breathe blasts of scalding, opaque steam.
Your pale cyan-grey scales are hard. (AC +8)
You cannot fit into any form of body armour.
You are cold-blooded and may be slowed by cold attacks.
You are immune to the effects of steam.
You are strong-willed. (Will+)
Your system is resistant to poisons. (rPois)


Message History

Unknown command.
Press: ? - help, Shift-Dir - straight line, f - death knight
Aim: a death knight, wielding a +0 morningstar and wearing a +0 chain mail (reflecting injuries)
You exhale a blast of scalding steam.
Something reflects your damage back at you!
A centaur warrior comes into view.
Something reflects your damage back at you!
The centaur warrior wields a +0 longbow.
The centaur warrior shoots an arrow.
The arrow misses you.
Unknown command.
Unknown command.
Unknown command.
The death knight is engulfed in a cloud of scalding steam.
The death knight reflects your damage back at you!
The death knight is engulfed in a cloud of scalding steam.
Something reflects your damage back at you!
The centaur warrior is engulfed in a cloud of scalding steam.
The death knight's dark mirror aura disappears.
The centaur warrior shoots an arrow.
The arrow hits you!!
An orc comes into view. It is wielding a +0 whip.
The centaur warrior shoots an arrow.
The arrow hits you!!
Unknown command.
You have got your breath back.
The centaur warrior shoots an arrow.
The arrow hits you! The orc barely misses you.
Unknown command.
Unknown command.
You see here a +0 trident.
Unknown command.
Unknown command.
There is an open door here.
Unknown command.
Press: ? - help, Shift-Dir - straight line, f/p - death knight
Aim: a death knight, wielding a +0 morningstar and wearing a +0 chain mail (moderately wounded)
Okay, then.
Unknown command.
The centaur warrior shoots an arrow.
The arrow hits you!!
* * * LOW HITPOINT WARNING * * *
The death knight hits you with a +0 morningstar!
You die...

#..§.§.......#....#..............
#........##'#######'##...........
#........#...#####...#...........
#..........8.......8.#...........
#######.)#...#####)..############
#.......)####c###'####.....#.....
#....).))# ##..o## #.....#.....
#......).# #.p.# #.....#.....
#......))# ##..@## #.....#..)..
#........####'###'####.....#.....
#........#...#####...#.)...#.....
#..........8.......8)).)...#.....
##########...#####.))####'#######
#....#############..#.......#
#..>......'.........#.......#
#.........#.........#.......#
#.........#.........#.......#


You could see a death knight, a centaur warrior and an orc.

Vanquished Creatures
  A hydra (D:12)
  4 two-headed ogres
  Erica (D:10)
  A tengu warrior (D:12)
  A skeletal warrior (D:8)
  2 manticores (D:12)
  2 cyclopes
  An unseen horror (D:10)
  Maggie (D:8)
  Psyche (D:10)
  A freezing wraith (D:12)
  4 trolls
  Prince Ribbit (D:8)
  A hornet (D:9)
  2 shadows
  3 wraiths
  A meliai zombie (D:11)
  10 yaks
  A vampire (D:12)
  Eustachio (D:6)
  Menkaure (D:5)
  2 vampire mosquitoes (D:12)
  A water moccasin (D:5)
  7 orc warriors
  2 sky beasts
  A black bear (D:8)
  2 necrophages
  2 ice beasts
  4 centaurs
  2 ogres
  A phantom (D:7)
  2 kobold brigands
  3 bullfrogs
  2 scorpions (D:5)
  A wyvern skeleton (D:6)
  A water moccasin skeleton (D:6)
  3 wights (D:9)
  4 howler monkeys
  7 centaur zombies
  5 hounds
  A jelly (D:5)
  A centaur skeleton (D:4)
  8 orc priests
  Crazy Yiuf (D:6)
  5 bullfrog skeletons
  A gnoll shaman (D:7)
  5 iguanas
  Ijyb (D:5)
  10 orc wizards
  A statue (D:11)
  A killer bee zombie (D:7)
  3 howler monkey zombies
  6 gnolls
  7 adders
  A shadow imp (D:8)
  4 ufetubi
  3 worms
  3 dart slugs
  65 orcs
  7 ball pythons
  5 endoplasms
  6 giant cockroaches
  5 goblins
  6 hobgoblins
  5 jackals
  2 quokkas
  5 bats
  3 frilled lizards
  11 kobolds
  A rat (D:1)
276 creatures vanquished.

Vanquished Creatures (others)
  15 plants
15 creatures vanquished.

Grand Total: 291 creatures vanquished

Notes
Turn   | Place    | Note
-------+----------+-------------------------------------------
     0 | D:1      | Morbidden the Draconian Conjurer began the quest for the
                  | Orb.
     0 | D:1      | Reached XP level 1. HP: 14/14 MP: 3/3
   551 | D:1      | Reached XP level 2. HP: 20/20 MP: 0/5
   560 | D:1      | Learned a level 2 spell: Searing Ray
  1053 | D:1      | Reached XP level 3. HP: 22/26 MP: 4/6
  1367 | D:1      | You fall into a shaft and drop 1 floor!
  1369 | D:2      | Reached skill level 1 in Unarmed Combat
  1622 | D:1      | Found a faded altar of an unknown god.
  1891 | D:2      | Reached skill level 1 in Fighting
  1891 | D:2      | Reached XP level 4. HP: 26/35 MP: 0/7
  2531 | D:2      | Reached skill level 5 in Conjurations
  3413 | D:3      | Found a glowing silver altar of Zin.
  3919 | D:3      | Reached XP level 5. HP: 40/40 MP: 5/8
  4168 | D:4      | Found an ornate altar of the Wu Jian Council.
  4404 | D:4      | Noticed an ogre
  4407 | D:4      | Reached XP level 6. HP: 31/48 MP: 10/10
  4665 | D:4      | Found a hazy altar of Hepliaklqana.
  5241 | D:5      | Entered Level 5 of the Dungeon
  5241 | D:5      | Noticed a water moccasin
  5248 | D:4      | Reached skill level 6 in Conjurations
  5343 | D:5      | Your scales start taking on a pale cyan-grey colour.
  5343 | D:5      | Reached XP level 7. HP: 56/56 MP: 12/12
  5343 | D:5      | Gained mutation: You are immune to the effects of steam.
                  | [Pale Draconian growth]
  5626 | D:5      | Found Cunkaiz's Self-Improvement Boutique.
  5813 | D:5      | Found a blossoming altar of Fedhas.
  5876 | D:5      | Reached XP level 8. HP: 63/63 MP: 15/15
  5938 | D:5      | Reached skill level 5 in Spellcasting
  6136 | D:5      | Noticed Ijyb
  6141 | D:5      | Killed Ijyb
  6142 | D:5      | Reached skill level 7 in Conjurations
  6251 | D:5      | Noticed Menkaure
  6255 | D:5      | Killed Menkaure
  6577 | D:6      | Noticed Eustachio
  6587 | D:6      | Killed Eustachio
  6639 | D:6      | Found Azuyfuta's Antique Armour Shoppe.
  6940 | D:6      | Found a runed translucent door.
  6941 | D:6      | Noticed Crazy Yiuf
  7102 | D:6      | Reached XP level 9. HP: 72/72 MP: 18/18
  7372 | D:6      | Killed Crazy Yiuf
  7373 | D:6      | Reached skill level 8 in Conjurations
  7816 | D:7      | Found a staircase to the Ecumenical Temple.
  7828 | Temple   | Entered the Ecumenical Temple
  7873 | Temple   | Became a worshipper of Vehumet
  7961 | D:7      | Learned a level 4 spell: Iskenderun's Mystic Blast
  8666 | D:8      | Noticed Prince Ribbit
  8669 | D:8      | Killed Prince Ribbit
  8682 | D:8      | Noticed Maggie
  8689 | D:8      | Killed Maggie
  8812 | D:8      | Reached skill level 5 in Fighting
  8860 | D:8      | Found Biog's Armour Boutique.
  8959 | D:8      | Noticed a two-headed ogre
  8983 | D:8      | Killed a two-headed ogre
  8984 | D:8      | Reached skill level 5 in Dodging
  8984 | D:8      | Reached skill level 9 in Conjurations
  9078 | D:8      | Reached XP level 10. HP: 78/81 MP: 22/22
  9171 | D:8      | Reached skill level 1 in Translocations
  9174 | D:8      | Noticed a skeletal warrior
  9306 | D:9      | Reached * piety under Vehumet
  9306 | D:9      | Offered knowledge of Sandblast by Vehumet.
  9901 | D:9      | Paralysed by a hornet for 3 turns
 10294 | D:9      | Noticed a five-headed hydra
 10426 | D:8      | Killed a skeletal warrior
 10696 | D:7      | Learned a level 7 spell: Dragon Form
 10962 | D:8      | Noticed a two-headed ogre
 10971 | D:8      | Killed a two-headed ogre
 10972 | D:8      | Reached skill level 10 in Conjurations
 11264 | D:9      | Found the +2 robe of Vines {NoPotionHeal Regen+++}
 11606 | D:10     | Entered Level 10 of the Dungeon
 11610 | D:10     | Reached XP level 11. HP: 89/89 MP: 24/24
 11669 | D:10     | Noticed Erica
 11669 | D:10     | Noticed a two-headed ogre
 11683 | D:10     | Killed a two-headed ogre
 11684 | D:10     | Reached skill level 1 in Transmutations
 11866 | D:10     | Noticed Psyche
 11870 | D:10     | Killed Psyche
 12314 | D:10     | Found a sparkling altar of Nemelex Xobeh.
 12314 | D:10     | Found a stormy altar of Qazlal.
 12856 | D:10     | Killed Erica
 12885 | D:10     | Found a staircase to the Lair.
 13062 | D:11     | Gained mutation: You are strong-willed. (Will+) [potion of
                  | mutation]
 13062 | D:11     | Gained mutation: Your system is resistant to poisons.
                  | (rPois) [potion of mutation]
 13064 | D:11     | HP: 1/91 [cyclops/large rock (16)]
 13066 | D:11     | Reached ** piety under Vehumet
 13066 | D:11     | Offered knowledge of Static Discharge by Vehumet.
 13249 | D:11     | Found a radiant altar of Vehumet.
 13397 | D:11     | Noticed a two-headed ogre
 13408 | D:11     | Killed a two-headed ogre
 13780 | D:12     | Noticed a death knight
 13780 | D:12     | Noticed a phantasmal warrior
 14183 | D:12     | Found a staircase to the Orcish Mines.
 14236 | D:12     | Offered knowledge of Stone Arrow by Vehumet.
 14475 | D:12     | Noticed a seven-headed hydra
 14487 | D:12     | Killed a seven-headed hydra
 14809 | D:12     | Reached XP level 12. HP: 96/100 MP: 25/25
 14812 | D:12     | Reached skill level 11 in Conjurations
 14835 | D:12     | Noticed a tengu warrior
 14839 | D:12     | Noticed a death knight
 14868 | D:12     | Killed a tengu warrior
 14869 | D:12     | Reached skill level 10 in Spellcasting
 14873 | D:12     | Noticed a centaur warrior
 14887 | D:12     | Slain by a death knight

Illustrated notes

Levels and vault maps discovered:
D:1:      lordsloth_arrival_two_stooges, layout_basic,
          shapermc_ecumenical_altar_notcrosses
D:2:      layout_basic
D:3:      layout_loops_corners, old_standard_altar, corexii_corridor_pit
D:4:      layout_basic, nicolae_hepliaklqana_hazy_memory,
          lemuel_coloured_pillars_altar, abandoned_shop, minmay_joined_circles
D:5:      layout_basic, mainiacjoe_overflow_chevrons, nicolae_shop_self_help,
          uniq_menkaure, uniq_ijyb
D:6:      layout_loops_ring, serial_shops, kennysheep_mini_moat,
          uniq_crazy_yiuf_cottage, uniq_eustachio
D:7:      layout_basic, minmay_temple_entry_glassed_door,
          minmay_misc_feat_roman, st_stairs_11
D:8:      layout_basic, serial_shops, nicolae_diamond_shop,
          minmay_chambers_of_fives, uniq_prince_ribbit1, uniq_maggie
D:9:      minmay_distorted_concentric_squares, layout_gridville,
          hellmonk_guarded_unrand_vines
D:10:     layout_basic, chequers_temple_overflow_statue_of_worship,
          lair_entry_dummy, uniq_psyche, uniq_erica
D:11:     layout_cave_pools, vehumet_statue
D:12:     layout_grid_maze, hiddenorc2_lemuel, kb_rosetta
Temple:   nicolae_temple_elliptical

Skill      XL: |  1  2  3  4  5  6  7  8  9 10 11 12 |
---------------+-------------------------------------+-----
Dodging        | 2 3 4 5 7 |  7.3
Unarmed Combat | 1 2 4 |  4.5
Fighting       | 1 2 3 4 5 6 7 |  7.3
Conjurations   | 5 6 7 9 10 11 | 11.0
Stealth        | 2 3 4 |  4.2
Spellcasting   | 3 4 6 8 9 10 | 10.0
Translocations | 3 4 |  4.8
Transmutations | 2 3 |  3.1
Evocations     | |  0.8

Action                   |  1- 3 |  4- 6 |  7- 9 | 10-12 || total
-------------------------+-------+-------+-------+-------++-------
Melee: Unarmed           |    67 |     5 |       |    91 ||   163
       Tailslap          |     7 |       |       |    11 ||    18
       Punch             |       |       |       |     1 ||     1
Throw: Dart              |       |       |       |     1 ||     1
 Cast: Magic Dart        |    47 |    69 |    66 |    74 ||   256
       Searing Ray       |     5 |    25 |    50 |    65 ||   145
       Iskenderun's Myst |       |       |     3 |    89 ||    92
 Abil: Breathe Steam     |       |       |    19 |    26 ||    45
Evoke: Wand              |       |       |       |     7 ||     7
  Use: Potion            |       |       |       |     7 ||     7
       Scroll            |       |       |       |     7 ||     7
 Stab: Sleeping          |     1 |       |       |       ||     1
Armor: Skin              |    30 |    24 |    22 |   103 ||   179
Dodge: Dodged            |    59 |    37 |    45 |   177 ||   318

Table legend: (Time is in decaauts)
 A = Elapsed time spent in this place.
 B = Non-inter-level travel time spent in this place.
 C = Inter-level travel time spent in this place.
 D = Time resting spent in this place.
 E = Time spent auto-exploring this place.
 F = Levels seen in this place.
 G = Mean time per level.
                   A        B        C        D        E       F      G
               +--------+--------+--------+--------+--------+-----+--------+
         Total |  14917 |  14161 |    756 |    801 |  11036 |  13 | 1147.5 |
       Dungeon |  14843 |  14115 |    728 |    801 |  10998 |  12 | 1236.9 |
        Temple |     74 |     46 |     28 |      0 |     38 |   1 |   74.0 |
               +--------+--------+--------+--------+--------+-----+--------+

Top non-repeatable levels by time:
     D:1: 1910 daAuts
     D:9: 1628 daAuts
     D:8: 1354 daAuts
     D:3: 1311 daAuts
     D:4: 1269 daAuts
    D:10: 1202 daAuts
     D:7: 1179 daAuts
     D:6: 1114 daAuts
     D:5: 1062 daAuts
    D:12: 1050 daAuts
    D:11: 887 daAuts
     D:2: 873 daAuts
  Temple: 74 daAuts
